 Dungeon Crawl Stone Soup version 0.30.1-11-g7821555f0a (webtiles) character file.

Game seed: 6648175300355535451

315 comborobin the Chopper (level 6, -2/53 HPs)
             Began as a Minotaur Delver on Nov 19, 2023.
             Slain by an iguana (5 damage)
             ... on level 4 of the Dungeon.
             The game lasted 00:02:09 (1668 turns).

comborobin the Chopper (Minotaur Delver)            Turns: 1668, Time: 00:02:10

Health: -2/53      AC:  6    Str: 18    XL:     6   Next: 20%
Magic:  5/5        EV: 10    Int:  7    God:
Gold:   157        SH:  0    Dex: 12    Spells: 5/5 levels left

rFire   . . .        a - +0 war axe
rCold   . . .        (no shield)
rNeg    . . .        m - +0 scale mail
rPois   .            (helmet restricted)
rElec   .            (no cloak)
rCorr   .            (no gloves)
SInv    .            (no boots)
Will    .....        (no amulet)
Stlth   +            (no ring)
HPRegen 0.28/turn    (no ring)
MPRegen 0.09/turn

%: no passive effects
@: no status effects
A: horns 2, retaliatory headbutt
a: no special abilities


You were on level 4 of the Dungeon.
You visited 1 branch of the dungeon, and saw 4 of its levels.

You collected 157 gold pieces.

Inventory:

Hand Weapons
 a - a +0 war axe (weapon)
Armour
 b - a +0 leather armour
 h - a +0 ring mail
 m - a +0 scale mail (worn)
Wands
 g - a wand of digging (3)
Scrolls
 c - a scroll of fog
 f - a scroll of enchant armour {unknown}
 i - a scroll of identify {unknown}
 j - a scroll of amnesia {unknown}
 n - a scroll of butterflies {unknown}
Potions
 p - a potion of attraction


   Skills:
 + Level 4.5 Fighting
 * Level 6.9 Axes
 + Level 2.4 Armour
 - Level 2.1 Dodging
 - Level 4.1 Stealth


You had 5 spell levels left.
You didn't know any spells.
Your spell library was empty.

Dungeon Overview and Level Annotations

Branches:
Dungeon (6/15)
 Temple: D:4-7

Altars:


Innate Abilities, Weirdness & Mutations

You have a pair of horns on your head.
You reflexively headbutt those who attack you in melee.


Message History

The black bear claws you.
* * * LOW HITPOINT WARNING * * *
The black bear claws you but does no damage.
The iguana is attracted toward you. The hound attacks as you move away!
The hound closely misses you. The iguana is attracted toward you.
Unknown command.
As you read the scroll labelled HEQUSA EZA JID, it crumbles to dust.
You feel strangely unstable.
It was a scroll of teleportation.
The hound bites you but does no damage. The hound attacks as you move away!
The hound bites you.
* * * LOW HITPOINT WARNING * * *
The iguana is attracted toward you. The iguana is attracted toward you.
The black bear is attracted toward you. The kobold is attracted toward you.
The iguana is attracted toward you. x2
Your surroundings suddenly seem different.
Found a jade ring.
You start resting.
The iguana is attracted toward you.
An iguana is nearby!
You start resting.
The iguana is attracted toward you.
It was a potion of invisibility.
You fade into invisibility!
You hit the iguana but do no damage. You headbutt the iguana.
The iguana is lightly wounded.
The iguana bites you!
* * * LOW HITPOINT WARNING * * *
It was a potion of cancellation.
Your magical effects are unravelling.
You feel magically purged.
You feel yourself slow down.
You flicker back into view.
The iguana bites you.
* * * LOW HITPOINT WARNING * * *
You feel less attractive to monsters.
You barely miss the iguana.
The iguana is lightly wounded.
The iguana bites you.
You die...

*** *******,#####**
***,*,,,,,,....,##**** #
*,*,,,,,,,,,...,.#,,,*
##*,,,,,,*,,,*,..#.,,*,*
.#,,,,,,,,***,,*^.#**,,**
##*,*,,,,,#=#.###.#,*,,,*
#*,,**,,,,*#'...@l+**,,,*
#*,,,,,,,#...#####...#,,*
#,,,,,,,,.,,,*,,,*.#....#
#..,,,,,,,,,,*,,,+l.,...#
......,..,,,,*,,,*...,.##
####..##.#,,,**###ยง..#,#
.##.......**+,....+##.,*
.##.......*,*.....*,*.#**
..........###.....***,,,*


You could see an iguana.

Vanquished Creatures
  2 hounds
  An orc priest (D:3)
  A jelly (D:3)
  2 iguanas (D:4)
  2 orc wizards
  4 adders
  A white imp (D:3)
  A worm (D:3)
  A dart slug (D:4)
  10 orcs
  2 ball pythons
  3 goblins
  4 hobgoblins
  A jackal (D:4)
  2 quokkas
  3 bats (D:3)
  4 kobolds
  3 rats (D:3)
47 creatures vanquished.

Notes
Turn   | Place    | Note
-------+----------+-------------------------------------------
     0 | D:5      | comborobin the Minotaur Delver began the quest for the Orb.
     0 | D:5      | Reached XP level 1. HP: 19/19 MP: 0/0
     1 | D:6      | Noticed an ogre
    16 | D:5      | Reached skill level 3 in Axes
    16 | D:5      | Reached XP level 2. HP: 26/26 MP: 1/1
   402 | D:3      | Reached skill level 4 in Axes
   444 | D:3      | Reached XP level 3. HP: 22/31 MP: 2/2
   535 | D:3      | Reached skill level 5 in Axes
   535 | D:3      | Reached XP level 4. HP: 22/39 MP: 3/3
   944 | D:3      | Reached skill level 1 in Armour
   947 | D:3      | Reached skill level 6 in Axes
   947 | D:3      | Reached XP level 5. HP: 41/46 MP: 4/4
  1496 | D:4      | Reached XP level 6. HP: 44/53 MP: 5/5
  1668 | D:4      | Slain by an iguana

Illustrated notes

Levels and vault maps discovered:
D:3:      layout_basic
D:4:      layout_cave_pools, minmay_fractal_squares_diagonal_5
D:5:      layout_basic, eat_drink_and_be_merry_uskayaw, hangedman_decor_lopped
D:6:      layout_rooms, mainiacjoe_overflow_brackets, okawaru_metal_pillars_3,
          uniq_edmund

Skill      XL: |  1  2  3  4  5 |
---------------+----------------+-----
Axes           | 3 4 5 6 |  6.9
Armour         | 1 2 |  2.4
Fighting       | 4 |  4.5
Dodging        | |  2.1
Stealth        | |  4.1

Action                     |  1- 3 |  4- 6 || total
---------------------------+-------+-------++-------
  Melee: Hand axe          |    25 |    41 ||    66
         Headbutt          |     2 |    17 ||    19
         War axe           |       |    55 ||    55
    Use: Potion            |     1 |     6 ||     7
         Scroll            |     1 |     2 ||     3
   Stab: Sleeping          |     2 |     2 ||     4
 Armour: Leather armour    |     1 |       ||     1
         Ring mail         |     9 |     7 ||    16
         Scale mail        |       |    39 ||    39
  Dodge: Dodged            |    15 |    68 ||    83
